 Dungeon Crawl Stone Soup version 0.20.1-1-g8b1a95d (webtiles) character file.

78 straycat the Sneak (level 4, -7/33 HPs)
             Began as a Vampire Wanderer on Dec 29, 2017.
             Mangled by Sigmund
             ... wielding a cursed -3 scythe
              (9 damage)
             ... on level 2 of the Dungeon.
             The game lasted 00:14:41 (3603 turns).

straycat the Sneak (Vampire Wanderer)               Turns: 3603, Time: 00:14:42

Health: -7/33      AC:  6    Str: 11    XL:     4   Next: 15%
Magic:  6/7        EV:  9    Int: 14    God:
Gold:   29         SH:  0    Dex: 14    Spells: 4/7 levels left

rFire    . . .     SeeInvis +   v - +0 short sword
rCold    . . .     Gourm    .   (no shield)
rNeg     . . .     Faith    .   q - +0 scale mail (curse)
rPois    .         Spirit   .   (no helmet)
rElec    .         Reflect  .   (no cloak)
rCorr    .         Harm     .   (no gloves)
MR       +....                  (no boots)
Stlth    +.........             (no amulet)
Regen    0.4/turn               g - ring of protection from magic
MPRegen  0.1/turn               (no ring)

@: very slightly contaminated, regenerating quickly
A: fangs 3, see invisible, unbreathing
a: no special abilities


You were on level 2 of the Dungeon.
You were full.

You visited 1 branch of the dungeon, and saw 3 of its levels.

You collected 29 gold pieces.

Inventory:

Hand Weapons
 e - a +0 dagger
 k - a +2 hunting sling of velocity
 v - a +0 short sword (weapon)
Armour
 d - a +0 robe
 m - a +0 ring mail
 q - a cursed +0 scale mail (worn)
Jewellery
 g - a ring of protection from magic (left hand)
Scrolls
 h - a scroll of amnesia {unknown}
 o - 2 scrolls of teleportation {unknown}
 p - a scroll of magic mapping {unknown}
 s - a scroll of enchant weapon {unknown}
 t - a scroll of blinking {unknown}
 u - a scroll of enchant armour {unknown}
 w - 3 scrolls of identify {unknown}
 x - a scroll of fear {unknown}
Potions
 f - 8 potions of blood
 i - a potion of might {unknown}
 j - a potion of haste {unknown}
 l - a potion of brilliance {unknown}
 n - a potion of curing {unknown}
 r - a potion of mutation {unknown}
Books
 a - a book of Maledictions

   Spells                             Type                      Level
   a - Corona                         Hexes                        1
   b - Ensorcelled Hibernation        Hexes/Ice                    2
   c - Confuse                        Hexes                        3
   d - Tukima's Dance                 Hexes                        3
   e - Dazzling Spray                 Conjuration/Hexes            3
 b - the Incunabulum of Displacement

   Spells                             Type                      Level
   a - Apportation                    Translocation                1
   b - Gell's Gravitas                Translocation                3
 c - the Disquisition on the Volcanoes

   Spells                             Type                      Level
   a - Flame Tongue                   Conjuration/Fire             1
   b - Inner Flame                    Hexes/Fire                   3


   Skills:
 + Level 1.6 Fighting
 - Level 1.0 Short Blades
   Level 1.0 Axes
 - Level 1.0 Armour
 * Level 2.9 Dodging
 + Level 3.2 Stealth
   Level 1.0 Shields
 - Level 2.0 Spellcasting
 - Level 3.0 Hexes
   Level 1.1 Necromancy


You had 4 spell levels left.
You knew the following spells:

 Your Spells              Type           Power        Failure   Level  Hunger
a - Corona                Hex            #......      38%         1    ##.....
b - Ensorcelled Hibernat  Hex/Ice        #.....       75%         2    ###....


Dungeon Overview and Level Annotations

Branches:
Dungeon (3/15)

Altars:
Ashenzari
Fedhas
Kikubaaqudgha

Annotations:
D:1 Terence
D:2 Sigmund


Innate Abilities, Weirdness & Mutations

Your natural rate of healing is unusually fast.
You have razor-sharp teeth.
You have supernaturally acute eyesight. (SInv)
You can survive without breathing.


Message History

You hit Sigmund but do no damage. Your bite misses Sigmund.
Sigmund is lightly wounded.
Sigmund hits you with a scythe!
You hit Sigmund.
Sigmund is moderately wounded.
Sigmund hits you but does no damage.
You hit Sigmund.
Sigmund is moderately wounded.
Sigmund barely misses you.
You barely miss Sigmund. Your bite misses Sigmund.
Sigmund is moderately wounded.
Your scale mail prevents you from hitting Sigmund.
Sigmund is moderately wounded.
Sigmund points at you and mumbles some strange words.
The puff of flame hits you!
* * * LOW HITPOINT WARNING * * *
Sigmund closely misses you.
There is a stone staircase leading down here.
Sigmund hits you from afar with a scythe!
You die...

##############
#......รท......
#.##########..
#.#########.##
#####.#.........#
#.......#######.##
##########.###...#
#.......
........@.#......#
#.###.#.
.#########@###..## #.#
#.#. ######.###..# #.#
#.#. .........##..#
#.###.#.
#######..##..####.##....
#..##........[....
#..###########...#
##..###### ##.##
###.#......# #####.#
#..........# #.....#


You could see Sigmund.

Vanquished Creatures
  2 adders (D:2)
  2 oozes (D:2)
  A worm (D:2)
  A dart slug (D:1)
  2 leopard geckos (D:2)
  3 giant cockroaches
  6 hobgoblins
  4 jackals
  8 bats
  4 frilled lizards
  4 goblins (D:1)
  A kobold (D:1)
  4 rats
42 creatures vanquished.

Notes
Turn   | Place    | Note
-------+----------+-------------------------------------------
     0 | D:1      | straycat the Vampire Wanderer began the quest for the Orb.
     0 | D:1      | straycat set off with: a book of Maledictions, the Incunabulum of Displacement, the Disquisition on the Volcanoes, a +0 robe, a +0 dagger, a potion of blood
     0 | D:1      | Reached XP level 1. HP: 15/15 MP: 3/3
     0 | D:1      | Identified the Incunabulum of Displacement
     0 | D:1      | Identified the Disquisition on the Volcanoes
     2 | D:1      | Learned a level 1 spell: Corona
   130 | D:1      | Reached skill level 1 in Dodging
   414 | D:1      | Reached XP level 2. HP: 12/21 MP: 5/5
   886 | D:1      | Reached skill level 1 in Short Blades
  1435 | D:2      | Found a shattered altar of Ashenzari.
  1577 | D:2      | Noticed Terence
  2024 | D:1      | Learned a level 2 spell: Ensorcelled Hibernation
  2348 | D:2      | Reached XP level 3. HP: 7/26 MP: 0/6
  3256 | D:2      | Found an ancient bone altar of Kikubaaqudgha.
  3259 | D:2      | Found a blossoming altar of Fedhas.
  3298 | D:2      | Reached XP level 4. HP: 22/32 MP: 7/7
  3447 | D:2      | Noticed Sigmund
  3601 | D:2      | HP: 1/33 [Sigmund/puff of flame (11)]
  3603 | D:2      | Mangled by Sigmund

Skill      XL: |  1  2  3 |
---------------+----------+-----
Stealth        | 2 3 |  3.2
Dodging        | 1 2 |  2.9
Short Blades   | 1 |  1.0
Fighting       | |  1.6
Axes           | |  1.0
Armour         | |  1.0
Shields        | |  1.0
Spellcasting   | |  2.0
Hexes          | |  3.0
Necromancy     | |  1.1

Action                   |  1- 3 |  4- 6 || total
-------------------------+-------+-------++-------
Melee: Dagger            |   161 |       ||   161
       Bite              |    17 |     4 ||    21
       Short sword       |    44 |    46 ||    90
 Cast: Corona            |    13 |     1 ||    14
       Ensorcelled Hiber |     4 |       ||     4
  Use: Potion            |     9 |     3 ||    12
 Stab: Sleeping          |     5 |       ||     5
  Eat: Corpse            |     3 |       ||     3
Armor: Robe              |    26 |       ||    26
       Scale mail        |    49 |    18 ||    67
Dodge: Dodged            |   133 |    34 ||   167
